 Dungeon Crawl Stone Soup version 0.25.1-11-g244df3a29b (webtiles) character file.

Game seed: 12835165225256268129

133 DeepDeath the Cudgeler (level 5, -5/38 HPs)
             Began as a Hill Orc Air Elementalist on Dec 29, 2023.
             Killed from afar by Ijyb (23 damage)
             ... with a bolt of acid
             ... on level 3 of the Dungeon.
             The game lasted 00:12:09 (3268 turns).

DeepDeath the Cudgeler (Hill Orc Air Elementalist)  Turns: 3268, Time: 00:12:09

Health: -5/38      AC: -1    Str: 12    XL:     5   Next: 16%
Magic:  7/8        EV: 12    Int: 15    God:
Gold:   113        SH:  0    Dex: 11    Spells: 2/8 levels left

rFire    . . .     SeeInvis .   b - +0 club
rCold    + . .     Gourm    .   (no shield)
rNeg     . . .     Faith    .   a - +0 robe
rPois    .         Spirit   .   (no helmet)
rElec    .         Reflect  .   (no cloak)
rCorr    .         Harm     .   (no gloves)
MR       .....                  q - +0 pair of boots
Stlth    ++........             (no amulet)
HPRegen  0.12/turn              o - ring of protection from cold
MPRegen  0.11/turn              (no ring)

@: corroded
A: no striking features
a: no special abilities


You were on level 3 of the Dungeon.
You were not hungry.

You visited 1 branch of the dungeon, and saw 3 of its levels.

You collected 113 gold pieces.

Inventory:

Hand Weapons
 b - a +0 club (weapon)
 h - a cursed -3 flail
 u - a +0 hunting sling
 B - a +0 mace
Missiles
 d - 8 poisoned darts (quivered)
 e - 131 stones
 g - 19 arrows
 m - 5 atropa-tipped darts
 s - 12 sling bullets
Armour
 a - a +0 robe (worn)
 q - a +0 pair of boots (worn)
Magical Staves
 x - a cursed staff of fire {unknown}
Jewellery
 o - a ring of protection from cold (left hand)
Scrolls
 f - 2 scrolls of teleportation
 j - a scroll of fog
 w - 2 scrolls of magic mapping {unknown}
 y - a scroll of immolation {unknown}
Potions
 i - 2 potions of flight {unknown}
 k - a potion of resistance {unknown}
 l - a potion of stabbing {unknown}
 n - a potion of curing {unknown}
 p - a potion of degeneration {unknown}
 r - 2 potions of brilliance {unknown}
 t - 2 potions of berserk rage
 v - a potion of lignification {unknown}
 A - a potion of invisibility {unknown}
Comestibles
 c - 5 rations
 z - 2 chunks of flesh


   Skills:
 + Level 3.2 Maces & Flails
 - Level 1.5 Dodging
 - Level 2.0 Stealth
 - Level 2.0 Spellcasting
 - Level 3.0 Conjurations
 - Level 2.4 Air Magic


You had 2 spell levels left.
You knew the following spells:

 Your Spells              Type           Power        Failure   Level  Hunger
d - Static Discharge      Conj/Air       #.......     22%         3    ###....
n - Swiftness             Chrm/Air       #.......     21%         2    ###....
z - Shock                 Conj/Air       #...         8%          1    #......

Your spell library contained the following spells:

 Spells                   Type           Power        Failure   Level  Hunger
 Airstrike                Air            #.........   63%         4    #####..
 Lightning Bolt           Conj/Air       #.........   90%         5    ######.


Dungeon Overview and Level Annotations

Branches:
Dungeon (3/15)

Altars:
Zin

Shops:
D:2 *

Annotations:
D:3 Ijyb


Message History

Aim: Ijyb, wielding a +3 dagger of freezing, wearing a +0 scale mail and carrying a wand of acid (11)
The zap hits Ijyb.
Ijyb is lightly wounded.
Unknown command.
Throwing (i - inventory. (/) - cycle)
d - 9 poisoned darts (quivered)
Press: ? - help, Shift-Dir - straight line, f/p - Ijyb
Aim: Ijyb, wielding a +3 dagger of freezing, wearing a +0 scale mail and carrying a wand of acid (11) (lightly wounded)
Okay, then.
Throwing (i - inventory. (/) - cycle)
d - 9 poisoned darts (quivered)
Press: ? - help, Shift-Dir - straight line, f/p - Ijyb
Aim: Ijyb, wielding a +3 dagger of freezing, wearing a +0 scale mail and carrying a wand of acid (11) (lightly wounded)
You throw a poisoned dart. The poisoned dart hits Ijyb.
Ijyb is poisoned.
Ijyb is lightly wounded.
Ijyb zaps a wand.
The bolt of acid hits you! The acid corrodes you!
You are splashed with acid!
Unknown command.
Ijyb screams, "Level is mine!
All mine!"
Ijyb zaps a wand.
The bolt of acid hits you!!
Ouch! That really hurt!
You die...

.# #.# #..##♣♣ .#
#.# #.## .# #.#
#.# .# #.# #.# ##
.# #.# #.# #.. ##
#.# #.# #.# #.#
#.# ##.## #
#†###...###.## #
#.#...#@.....#
#.###.#.#...###..#
####.....#.##.##
.# ###..
#.............# #
..#.
..............g#
##.#..#
##)#####.##.##.#
$.. . #
#.##.##%...g>..
...
#.##.##.#(###.#
#.# #.##........
#.#


You could see Ijyb (poisoned).

Vanquished Creatures
  A gnoll (D:1)
  4 adders (D:2)
  2 oozes (D:2)
  3 worms (D:2)
  2 dart slugs (D:1)
  3 leopard geckos
  8 bats
  2 giant cockroaches
  8 goblins
  8 hobgoblins
  2 quokkas
  A ball python (D:2)
  3 frilled lizards (D:2)
  8 kobolds
  8 rats
63 creatures vanquished.

Notes
Turn   | Place    | Note
-------+----------+-------------------------------------------
     0 | D:1      | DeepDeath the Hill Orc Air Elementalist began the quest for
                  | the Orb.
     0 | D:1      | Reached XP level 1. HP: 14/14 MP: 3/3
   181 | D:1      | Reached XP level 2. HP: 20/20 MP: 0/4
   682 | D:1      | Reached XP level 3. HP: 23/26 MP: 0/5
  1148 | D:1      | Reached skill level 1 in Maces & Flails
  1456 | D:2      | Reached XP level 4. HP: 18/33 MP: 0/7
  1650 | D:2      | Found Zin's Purification Station.
  1652 | D:2      | Found a glowing silver altar of Zin.
  2454 | D:2      | Learned a level 2 spell: Swiftness
  2458 | D:2      | Learned a level 3 spell: Static Discharge
  2726 | D:2      | Reached XP level 5. HP: 29/38 MP: 8/8
  3261 | D:3      | Noticed Ijyb
  3268 | D:3      | Killed from afar by Ijyb

Illustrated notes

Levels and vault maps discovered:
D:1:      dpeg_arrival_refuge, layout_rooms, kennysheep_boxes
D:2:      layout_basic, zin_purify, first_ration, nicolae_underground_beach
D:3:      layout_loops_ring, hellmonk_ghost_happy_afterlife, st_stairs_12,
          uniq_ijyb, uniq_crazy_yiuf_cottage

Skill      XL: |  1  2  3  4  5 |
---------------+----------------+-----
Stealth        | 2 |  2.0
Conjurations   | 2 3 |  3.0
Maces & Flails | 1 2 3 |  3.2
Spellcasting   | 2 |  2.0
Dodging        | |  1.5
Air Magic      | |  2.4

Action                   |  1- 3 |  4- 6 || total
-------------------------+-------+-------++-------
Melee: Unarmed           |     2 |       ||     2
       Club              |    49 |    70 ||   119
Throw: Dart              |     7 |    16 ||    23
 Cast: Shock             |    61 |    57 ||   118
  Use: Scroll            |     3 |     2 ||     5
       Potion            |     1 |       ||     1
 Stab: Sleeping          |     1 |     4 ||     5
  Eat: Chunk             |     3 |     7 ||    10
Armor: Robe              |    20 |    20 ||    40
Dodge: Dodged            |    81 |    68 ||   149
